 Dungeon Crawl Stone Soup version 0.27.1 (webtiles) character file.

Game seed: 9705810791389757782

72 MajorAdolf the Sneak (level 4, -1/42 HPs)
             Began as a Naga Wanderer on Aug 21, 2021.
             Frozen to death by an endoplasm (5 damage)
             ... on level 2 of the Dungeon.
             The game lasted 00:02:41 (1459 turns).

MajorAdolf the Sneak (Naga Wanderer)                Turns: 1459, Time: 00:02:42

Health: -1/42      AC:  2    Str: 14    XL:     4   Next: 26%
Magic:  4/4        EV: 11    Int: 11    God:
Gold:   54         SH:  8    Dex: 13    Spells: 3/3 levels left

rFire    . . .     SeeInvis +   a - +0 hand crossbow
rCold    . . .     Faith    .   b - +0 kite shield
rNeg     . . .     Spirit   .   (no armour)
rPois    +         Reflect  .   j - +0 helmet
rElec    .         Harm     .   (no cloak)
rCorr    .         Rampage  .   (no gloves)
Will     .....                  (no barding)
Stlth    +++.......             (no amulet)
HPRegen  0.14/turn              k - +4 ring of evasion
MPRegen  0.09/turn              (no ring)

@: short of breath, very slow
A: AC +1, large, see invisible, deformed body, poison resistance, slowness 2,
spit poison 1, naga tail 1
a: Spit Poison


You were on level 2 of the Dungeon.
You visited 1 branch of the dungeon, and saw 2 of its levels.

You collected 54 gold pieces.

Inventory:

Hand Weapons
 a - a +0 hand crossbow (weapon)
 e - a +0 dagger
Missiles
 c - 34 bolts (quivered ammo)
Armour
 b - a +0 kite shield (worn)
 d - a +0 ring mail
 j - a +0 helmet (worn)
Jewellery
 k - a +4 ring of evasion (left hand)
Scrolls
 m - a scroll of fear
 o - a scroll of blinking {unknown}
Potions
 f - a potion of lignification {unknown}
 g - a potion of might {unknown}
 h - 2 potions of brilliance {unknown}
 i - a potion of magic {unknown}


   Skills:
 + Level 3.4 Fighting
 - Level 1.7 Crossbows
 - Level 1.0 Armour
 - Level 4.4 Stealth
 + Level 2.3 Shields
 - Level 1.0 Unarmed Combat


You had 3 spell levels left.
You didn't know any spells.
Your spell library contained the following spells:

 Spells                   Type           Power      Damage    Failure   Level
 Inner Flame              Hex/Fire       0%         N/A       99%         3
 Cause Fear               Hex            0%         N/A       100%        4
 Discord                  Hex            0%         N/A       100%        8


Dungeon Overview and Level Annotations

Branches:
Dungeon (2/15)

Altars:


Innate Abilities, Weirdness & Mutations

Your serpentine skin is tough. (AC +1)
You have supernaturally acute eyesight. (SInv)
Armour fits poorly on your strangely shaped body.
Your system is resistant to poisons. (rPois)
You cover ground very slowly.
You can spit poison.
You have a snake-like lower body.


Message History

The bat closely misses you.
The black bear goes berserk!
Okay, then.
As you read the scroll labelled PECEHE SAFIRGHA, it crumbles to dust.
It is a scroll of identify.
m - a scroll of fear The endoplasm barely misses you.
The black bear rages.
Okay, then.
Okay, then.
Okay, then.
As you read the scroll labelled VOIGYRH NOAXAN, it crumbles to dust.
The scroll dissolves into smoke.
It was a scroll of fog.
The endoplasm hits you.
Press: ? - help, Shift-Dir - straight line, f/p - black bear
Aim: a black bear (grey smoke, severely wounded, berserk, poisoned)
The splash of poison hits the black bear but does no damage.
The black bear is severely wounded.
The black bear looks more healthy.
You block the black bear's attack. The black bear claws you.
You block the black bear's attack. The endoplasm barely misses you.
You can't do that yet.
That's the wrong kind of item! (Use * to select it.) Fire/throw which item? (* to show all) (? for menu, Esc to quit)
You don't have any such object.
Fire/throw which item? (* to show all) (? for menu, Esc to quit)
Okay, then.
Okay, then.
Fire: 35 bolts
Press: ? - help, Shift-Dir - straight line, f/p - black bear
Aim: a black bear (grey smoke, almost dead, berserk, 69% to hit)
You shoot a bolt. The bolt hits the black bear.
The black bear is almost dead.
The black bear barely misses you. You block the black bear's attack.
The black bear barely misses you. The black bear bites you!
* * * LOW HITPOINT WARNING * * *
The black bear misses you.
The black bear claws you but does no damage.
The endoplasm freezes you.
You are frozen.
You die...

###..###.....##
#..##
##..###### #.##
##......## #.#
######..# ##.#
##.. #..# ##.
#.[# #. ##§§#
## #§@§# #J#h#
#..(§§§.§.# ##
#..(...§§.#
####.
#.........#
.....
#.>.......#
.##.#
#...........
..[.
#.........###
##.##
#.........#


You could see a black bear (berserk) and an endoplasm.

Vanquished Creatures
  A gnoll (D:1)
  An adder skeleton (D:2)
  2 worms (D:2)
  A dart slug (D:1)
  6 ball pythons
  6 endoplasms
  3 giant cockroaches
  3 goblins (D:1)
  5 hobgoblins
  5 bats
  3 frilled lizards
  4 kobolds
  11 rats
51 creatures vanquished.

Notes
Turn   | Place    | Note
-------+----------+-------------------------------------------
     0 | D:1      | MajorAdolf the Naga Wanderer began the quest for the Orb.
     0 | D:1      | MajorAdolf set off with the following items: a +0 hand
                  | crossbow, a +0 kite shield, 22 bolts, a +0 ring mail, a +0
                  | dagger
     0 | D:1      | Reached XP level 1. HP: 19/19 MP: 1/1
   126 | D:1      | Reached XP level 2. HP: 27/27 MP: 2/2
   315 | D:1      | Reached XP level 3. HP: 27/33 MP: 3/3
  1208 | D:2      | Reached XP level 4. HP: 42/42 MP: 4/4
  1277 | D:2      | Found a faded altar of an unknown god.
  1450 | D:2      | Noticed a black bear
  1459 | D:2      | Frozen to death by an endoplasm

Illustrated notes

Levels and vault maps discovered:
D:1:      dpeg_arrival_ratfight, layout_basic
D:2:      layout_rooms, ebering_ecumenical_altar_webs

Skill      XL: |  1  2  3 |
---------------+----------+-----
Shields        | 2 |  2.3
Fighting       | 3 |  3.4
Crossbows      | |  1.7
Armour         | |  1.0
Stealth        | |  4.4
Unarmed Combat | |  1.0

Action                   |  1- 3 |  4- 6 || total
-------------------------+-------+-------++-------
 Fire: Hand crossbow     |    74 |    29 ||   103
 Abil: Spit Poison       |       |     2 ||     2
  Use: Scroll            |       |     2 ||     2
Armor: Skin              |       |     4 ||     4
Dodge: Dodged            |     6 |    18 ||    24
Block: Kite shield       |     7 |     7 ||    14
